 Dungeon Crawl Stone Soup version 0.28-a0-724-g66f9036eb4 (webtiles) character file.

Game seed: 18348655589721210958

1701 Sabo the Chopper (level 9, -1/69 HPs)
             Began as a Formicid Fighter on Oct 26, 2021.
             Was an Elder of Elyvilon.
             Slain by a gnoll (6 damage)
             ... on level 5 of the Dungeon.
             The game lasted 00:27:45 (5814 turns).

Sabo the Chopper (Formicid Fighter)                 Turns: 5814, Time: 00:27:46

Health: -1/69      AC: 14    Str: 21    XL:     9   Next: 23%
Magic:  8/9        EV: 10    Int:  9    God:    Elyvilon [****..]
Gold:   197        SH:  5    Dex: 12    Spells: 8/8 levels left

rFire   . . .      SeeInvis +   z - +4 trident
rCold   . . .      Faith    .   c - +0 buckler
rNeg    . . .      Spirit   .   b - +0 scale mail
rPois   .          Reflect  .   (helmet unavailable)
rElec   .          Harm     .   (no cloak)
rCorr   .          Rampage  .   m - +2 pair of gloves
Will    +....                   (no boots)
Stlth   ..........              (no amulet)
HPRegen 0.21/turn               o - ring of willpower
MPRegen 0.11/turn               s - +4 ring of protection

@: no status effects
A: permanent stasis, dig shafts and tunnels, antennae 3, four strong arms
a: Dig, Shaft Self, Renounce Religion, Lesser Healing, Heal Other, Purification,
Greater Healing, Divine Protection


You were on level 5 of the Dungeon.
You worshipped Elyvilon.
Elyvilon was greatly pleased with you.
You visited 1 branch of the dungeon, and saw 5 of its levels.
You also visited: Ossuary.

You collected 197 gold pieces.

Inventory:

Hand Weapons
 a - a +0 war axe
 d - a +2 dire flail of holy wrath
 u - a +0 hunting sling
 z - a +4 trident (weapon)
Missiles
 g - 120 bolts
 i - 45 arrows
Armour
 b - a +0 scale mail (worn)
 c - a +0 buckler (worn)
 m - a +2 pair of gloves (worn)
Jewellery
 k - a ring of ice
 o - a ring of willpower (left hand)
 q - a ring of positive energy
 s - a +4 ring of protection (right hand)
Wands
 v - a wand of acid (8)
 A - a wand of paralysis (5)
 B - a wand of iceblast (6)
 D - a wand of mindburst (14)
 E - a wand of charming (13)
Scrolls
 e - a scroll of fog {unknown}
 h - 2 scrolls of magic mapping
 j - a scroll of fear
 n - a scroll of enchant weapon {unknown}
 p - a scroll of teleportation {unknown}
 x - a scroll of holy word {unknown}
 y - a scroll of enchant armour {unknown}
Potions
 f - 2 potions of cancellation
 l - 4 potions of heal wounds {unknown}
 r - 4 potions of curing
 t - 2 potions of haste {unknown}
 w - a potion of lignification {unknown}
 C - 2 potions of mutation {unknown}


   Skills:
 + Level 5.6 Fighting
 + Level 7.9(8.1) Axes
 + Level 2.2(5.5) Maces & Flails
 + Level 6.3 Armour
 + Level 1.9 Dodging
 + Level 0.3 Stealth
 + Level 5.3 Shields


You had 8 spell levels left.
You didn't know any spells.
Your spell library contained the following spells:

 Spells                   Type           Power      Damage    Failure   Level
 Call Canine Familiar     Summ           0%         N/A       97%         3
 Conjure Flame            Conj/Fire      0%         6-21      97%         3
 Ignite Poison            Fire/Tmut/Pois 0%         N/A       97%         3
 Portal Projectile        Hex/Tloc       0%         N/A       97%         3
 Leda's Liquefaction      Hex/Erth       0%         N/A       100%        4
 Sticky Flame             Conj/Fire      0%         2d3       100%        4


Dungeon Overview and Level Annotations

Branches:
Dungeon (5/15)             Temple (0/1) D:4         Ossuary (visited)

Altars:
Elyvilon
Gozag
Makhleb
Yredelemnul
Zin


Innate Abilities, Weirdness & Mutations

You cannot be hasted, slowed, berserked, paralysed or teleported.
You can dig through walls and to a lower floor.
You have a pair of large antennae on your head. (SInv)
Your four strong arms can wield two-handed weapons with a shield.


Message History

The gnoll barely misses you.
You feel better. The gnoll shaman closely misses you.
The gnoll completely misses you. The gnoll barely misses you. x2
You block the gnoll's attack.
You puncture the gnoll shaman!
You kill the gnoll shaman!
You block the gnoll's attack.
The gnoll hits you from afar with a +0 spear.
The gnoll hits you from afar with a +0 halberd.
You barely miss the gnoll. You block the gnoll's attack.
The gnoll hits you from afar with a +0 spear.
You block the gnoll's attack. The gnoll hits you but does no damage.
You puncture the gnoll!
The gnoll is almost dead.
The gnoll hits you but does no damage. x2; The gnoll closely misses you.
The gnoll hits you from afar with a +0 halberd.
The gnoll hits you but does no damage.
You closely miss the gnoll.
The gnoll is almost dead.
The gnoll hits you from afar with a +0 spear.
The gnoll barely misses you. The gnoll hits you but does no damage.
The gnoll hits you from afar with a +0 halberd.
* * * LOW HITPOINT WARNING * * *
The gnoll closely misses you.
You hit the gnoll.
You kill the gnoll!
The gnoll closely misses you.
The gnoll hits you from afar with a +0 halberd!
* * * LOW HITPOINT WARNING * * *
The gnoll closely misses you.
The gnoll hits you from afar with a +0 halberd.
* * * LOW HITPOINT WARNING * * *
You are healed.
The gnoll barely misses you.
The gnoll hits you from afar with a +0 halberd.
* * * LOW HITPOINT WARNING * * *
The gnoll hits you from afar with a +0 spear.
* * * LOW HITPOINT WARNING * * *
You block the gnoll's attack. The gnoll hits you with a +0 spear.
You die...

###....#.....#........#...
###......#######............
##...##............#.......#.
#...###....####....##....####
#....##....#.###...#*#...,##.
##......##..........#...,....
###........#.#####..>..<.,.....
#............####*###..#*#.....
###.........gg@.#****,,,*#....#
##........gg.##*,,*,,,,.....,
###.......gg###...,,,,,,,,,.
#.........cg{...#,,,,,,,,..
#...........g...#,,,,,,,,..
**#..............g.,,,,,,***,
#.............#{...*,,,,,***,
**##............##...,,,**,,,,,
**,*#..#......<.......,,,**,,,,,


You could see a centaur and 7 gnolls.

Vanquished Creatures
  Grinder (D:4)
  2 wraiths (Ossuary)
  Edmund (D:5)
  A black bear (D:3)
  2 sky beasts (D:5)
  An ogre (D:4)
  A scorpion (D:5)
  A water moccasin zombie (D:5)
  2 wights (Ossuary)
  A centaur zombie (D:4)
  A gnoll shaman (D:5)
  An orc priest (D:5)
  A jelly (D:4)
  Natasha (thrice) (D:4)
  3 iguanas
  An orc wizard (D:5)
  A scorpion zombie (D:5)
  A hound skeleton (D:5)
  A gnoll (D:5)
  7 adders
  2 ufetubi
  2 adder zombies (Ossuary)
  An adder skeleton (D:4)
  3 worms
  3 dart slugs
  5 orcs
  7 endoplasms
  5 giant cockroaches
  10 goblins
  5 hobgoblins (D:1)
  4 quokkas
  4 ball pythons
  A ball python skeleton (Ossuary)
  5 bats
  3 frilled lizards
  A goblin zombie (D:5)
  A hobgoblin skeleton (Ossuary)
  A hobgoblin zombie (Ossuary)
  10 kobolds
  2 kobold zombies (Ossuary)
  An orc skeleton (Ossuary)
  An orc zombie (Ossuary)
  A quokka zombie (D:5)
  7 rats
118 creatures vanquished.

Notes
Turn   | Place    | Note
-------+----------+-------------------------------------------
     0 | D:1      | Sabo the Formicid Fighter began the quest for the Orb.
     0 | D:1      | Reached XP level 1. HP: 18/18 MP: 1/1
   238 | D:1      | Reached XP level 2. HP: 22/24 MP: 2/2
   821 | D:1      | Reached XP level 3. HP: 26/29 MP: 3/3
  1631 | D:2      | Found a faded altar of an unknown god.
  1641 | D:2      | Prayed at the altar of an unknown god.
  1641 | D:2      | Became a worshipper of Elyvilon the Healer
  1641 | D:2      | Reached * piety under Elyvilon
  1708 | D:2      | Reached XP level 4. HP: 34/37 MP: 4/4
  1889 | D:2      | Reached skill level 3 in Axes
  2176 | D:3      | Reached ** piety under Elyvilon
  2198 | D:3      | Noticed a black bear
  2210 | D:3      | Killed a black bear
  2211 | D:3      | Reached XP level 5. HP: 25/42 MP: 5/5
  2782 | D:3      | Reached XP level 6. HP: 48/48 MP: 6/6
  2925 | D:3      | Found a faded altar of an unknown god.
  2925 | D:3      | Found an opulent altar of Gozag.
  2933 | D:3      | Found a white marble altar of Elyvilon.
  2936 | D:3      | Found a burning altar of Makhleb.
  2938 | D:3      | Found a faded altar of an unknown god.
  3075 | D:3      | Reached skill level 4 in Axes
  3302 | D:4      | Reached *** piety under Elyvilon
  3311 | D:4      | HP: 2/48 [acid (3)]
  3673 | D:4      | Noticed an ogre
  3675 | D:4      | Noticed Natasha
  3683 | D:4      | Killed Natasha
  3683 | D:4      | Killed an ogre
  3684 | D:4      | Reached skill level 5 in Axes
  3684 | D:4      | Reached XP level 7. HP: 25/55 MP: 7/7
  3920 | D:4      | Found a staircase to the Ecumenical Temple.
  3925 | D:4      | Noticed Grinder
  3946 | D:4      | Killed Grinder
  3947 | D:4      | Reached skill level 5 in Armour
  3947 | D:4      | Reached skill level 1 in Dodging
  4015 | D:4      | Noticed Natasha
  4020 | D:4      | Killed Natasha
  4021 | D:4      | Noticed Natasha
  4025 | D:4      | Found a glowing silver altar of Zin.
  4031 | D:4      | Killed Natasha
  4200 | D:4      | Reached skill level 6 in Axes
  4610 | D:5      | Entered Level 5 of the Dungeon
  4612 | D:5      | Noticed Edmund
  4620 | D:5      | Killed Edmund
  4621 | D:5      | Reached XP level 8. HP: 34/61 MP: 8/8
  4633 | D:5      | Reached skill level 5 in Fighting
  4640 | D:5      | Reached skill level 7 in Axes
  4908 | D:5      | Found a sand-covered staircase.
  4940 | Ossuary  | Entered an ossuary
  5109 | Ossuary  | Noticed a flying skull
  5109 | Ossuary  | Noticed a wraith
  5116 | Ossuary  | Noticed a flying skull
  5275 | Ossuary  | Noticed a flying skull
  5281 | Ossuary  | Noticed a wraith
  5291 | Ossuary  | Killed a wraith
  5292 | Ossuary  | Reached skill level 5 in Shields
  5292 | Ossuary  | Reached XP level 9. HP: 51/68 MP: 9/9
  5391 | Ossuary  | Reached skill level 1 in Maces & Flails
  5691 | D:5      | Found a basalt altar of Yredelemnul.
  5785 | D:5      | Reached **** piety under Elyvilon
  5814 | D:5      | Slain by a gnoll

Illustrated notes

Levels and vault maps discovered:
D:1:      tarquinn_simple_flora_water_d, layout_basic, kennysheep_small_spiral,
          supply_closet_lemuel
D:2:      layout_rooms, shapermc_ecumenical_altar_mp_vishouse
D:3:      layout_rooms, chequers_temple_overflow_minitemple
D:4:      layout_cave_pools, zin_academy, minmay_temple_entry_butterflies,
          uniq_grinder, uniq_natasha
D:5:      layout_cave_pools, lemuel_round_altar, amcnicky_altar_gilded,
          enter_ossuary_4, uniq_sigmund, uniq_edmund

Skill      XL: |  1  2  3  4  5  6  7  8  9 |
---------------+----------------------------+-----
Shields        | 4 5 |  5.3
Axes           | 3 5 6 7 |  7.9
Armour         | 4 5 6 |  6.3
Fighting       | 4 5 |  5.6
Dodging        | 1 |  1.9
Maces & Flails | 2 |  2.2
Stealth        | |  0.3

Action                   |  1- 3 |  4- 6 |  7- 9 || total
-------------------------+-------+-------+-------++-------
Melee: War axe           |    77 |   116 |   134 ||   327
       Dire flail        |       |       |    36 ||    36
       Trident           |       |       |    15 ||    15
Invok: Lesser Healing    |       |       |     1 ||     1
 Abil: Dig               |     7 |     2 |     1 ||    10
  Use: Scroll            |     2 |     2 |     4 ||     8
       Potion            |       |     1 |     2 ||     3
Armor: Scale mail        |    24 |    69 |    77 ||   170
Dodge: Dodged            |    24 |    76 |    89 ||   189
Block: Buckler           |    20 |    27 |    43 ||    90

Table legend: (Time is in decaauts)
 A = Elapsed time spent in this place.
 B = Non-inter-level travel time spent in this place.
 C = Inter-level travel time spent in this place.
 D = Time resting spent in this place.
 E = Time spent auto-exploring this place.
 F = Levels seen in this place.
 G = Mean time per level.
                   A        B        C        D        E       F      G
               +--------+--------+--------+--------+--------+-----+--------+
         Total |   5912 |   5912 |      0 |   1946 |      0 |   6 |  985.3 |
       Dungeon |   5224 |   5224 |      0 |   1644 |      0 |   5 | 1044.8 |
       Ossuary |    688 |    688 |      0 |    302 |      0 |   1 |  688.0 |
               +--------+--------+--------+--------+--------+-----+--------+

Top non-repeatable levels by time:
     D:4: 1392 daAuts
     D:1: 1289 daAuts
     D:3: 1108 daAuts
     D:2: 904 daAuts
 Ossuary: 688 daAuts
     D:5: 530 daAuts
